Yev-Ruu, chaotic female vampiric Convict --- --.--- --------- -----....| --..--...| |........| |........| --- |.......-- |-......-|--.-- ......-- --........||.... --)...-- |a@.......---..- ---.....| $ ---.|.....I...I.--- --..)...-- #|...|-......--....| ........| .%.---|..--..|0---.--- -....-- |..| -------. ---I..- -...-------------..| --.^I...--.| ---.<.....)))%))......# |.I--......| --.......------------.| |.--|......| |........| |.| --- -......| |.....---- .......| |..---- ......| |.-- ..---- --- Yev-Ruu the Jail-bird Experience level: 7 Strength: 15 Dexterity: 11 Constitution: 20 Intelligence: 11 Wisdom: 10 Charisma: 12 Health: 0(64) Energy: 0(0) AC: 2 Gold: 516 Moves: 2414 Your Inventory: Coins $ - 516 gold pieces Armor b - an uncursed +0 striped shirt j - an [uncursed] +1 hooded cloak [dwarvish] (being worn) y - an [uncursed] +0 hard hat [dwarvish iron helm] (being worn) z - an [uncursed] +0 pair of hard shoes [iron] (being worn) A - a [blessed] +0 large round shield [dwarvish roundshield] (being worn) H - an [uncursed] +0 leather jacket (being worn) Scrolls q - an uncursed scroll of identify K - an [uncursed] scroll labeled JUYED AWK YACC [of food detection] Potions o - an uncursed potion of speed J - an uncursed clear potion [of water] L - a [cursed] potion of gain ability N - an [uncursed] greasy potion [of fruit juice] Rings p - an uncursed ring of teleport control v - an uncursed ring of invisibility G - a cursed ring called Curse [of polymorph] Tools d - an uncursed brass lantern h - 4 uncursed [tallow] candles x - 4 uncursed partly used [wax] candles D - 11 uncursed partly used [wax] candles (lit) F - an uncursed skeleton key M - an [uncursed] tin whistle Gems l - 2 uncursed yellow gems [worthless glass] n - 2 uncursed rubies B - an uncursed blue gem [worthless glass] C - 2 uncursed yellowish brown gems [worthless glass] E - 2 uncursed green gems [worthless glass] Iron balls c - an [uncursed] heavy iron ball (weapon in hand) Spells known in the end: Name Level Category Fail Memory a - invisibility 4 escape 100% [||||||||] Your skills at the end: Fighting Skills Weapon Skills sling [Basic / Skilled] Spellcasting Skills Final Attributes: You were piously aligned. Hunger level was 307. Your alignment was 22 / 22. Monster difficulty range was 1 - 6. Level difficulty was 6. You were immune to poison. You were immune to level-drain. You were immune to sickness. You could fly. You could survive without air. You regenerated. Your luck was zero. You are dead. Vanquished creatures: a quivering blob a gnome king a fog cloud a violet fungus 5 gnome lords a guardian naga hatchling 3 gray oozes an elf zombie 2 wax golems 6 dwarves a kobold shaman a centipede a giant bat an orc zombie an iguana 4 coyotes a gas spore 3 hobbits 2 hobgoblins a brown mold 30 gnomes 2 garter snakes 2 geckos 5 jackals a fox a goblin 5 grid bugs 2 bats 2 lichens 2 kobold zombies 4 newts 94 creatures vanquished. Voluntary challenges: You went without food. You never hit with a wielded weapon. You read items or engraved 3 times. You put on armor 9 times. You never genocided any monsters. You never polymorphed an object. You never changed form. You used no wishes. You abstained from Elbereth's help. You never encountered a bones level. You never used any Sokoban shortcuts. Dungeon overview: The Dungeons of Doom: levels 1 to 3 Level 1 some fountains a long staircase Level 2 a potion shop, an altar Level 3 a general store stairs to The Gnomish Mines The Gnomish Mines: levels 4 to 6 Level 4 stairs to The Dungeons of Doom Level 6 <- You were here History has recorded: On T:1 you entered the Dungeons of Doom to retrieve the Amulet of Yendor! On T:262 you reached level 2 of The Dungeons of Doom. On T:269 you advanced to experience level 2. On T:311 you reached level 3 of The Dungeons of Doom. On T:329 you advanced to experience level 3. On T:335 you reached level 1 of The Gnomish Mines. On T:354 you advanced to experience level 4. On T:400 you advanced to experience level 5. On T:426 you reached level 2 of The Gnomish Mines. On T:460 you reached level 3 of The Gnomish Mines. On T:507 you advanced to experience level 6. On T:1484 you advanced to experience level 7. Latest messages: [HP+1=35] You can see again. [HP+1=36] The soldier ant misses. The soldier ant stings! [HP-6=30] [HP+1=31] You are already wielding that! The fox bites! The soldier ant bites! The soldier ant stings! [HP-19=12] [HP+1=13] Click! The soldier ant triggers something. [HP+1=14] You kill the fox! The soldier ant misses. (2x) [HP+1=15] The soldier ant bites! The soldier ant stings! The soldier ant bites! You die... Final status: Goodbye Yev-Ruu the Convict... You died in The Gnomish Mines on dungeon level 6 with 3523 points, and 516 pieces of gold, after 2414 moves. You were level 7 with a maximum of 64 hit points when you died.